 Dungeon Crawl Stone Soup version 0.30-a0-359-gd0147acb1a (webtiles) character file.

Game seed: 2932120571640760396

143451 runemasterragnar the Champion of Chaos (level 16, -1/204 HPs)
             Began as a Demonspawn Fighter on Nov 12, 2022.
             Was the Champion of Makhleb.
             Succumbed to poison (poison gas)
             ... on level 2 of the Swamp.
             The game lasted 01:01:04 (36093 turns).

runemasterragnar the Champion of Chaos (DsFi)      Turns: 36093, Time: 01:01:05

Health: -1/204     AC: 31    Str: 17    XL:     16   Next: 82%
Magic:  25/28      EV:  2    Int: 16    God:    Makhleb [******]
Gold:   2557       SH: 21    Dex: 27    Spells: 27/32 levels left

rFire   . . .      SeeInvis .    I - +0 long sword (flame)
rCold   . . .      Faith    .    C - +2 kite shield {AC+3}
rNeg    . . .      Spirit   +    (body armour currently unavailable)
rPois   +          Reflect  +    (helmet currently unavailable)
rElec   .          Harm     .    (cloak unavailable)
rCorr   .          Rampage  .    (gloves currently unavailable)
Will    +....      NoTele   +    (boots currently unavailable)
Stlth   ++........               W - amulet "Gaxak" {Reflect Fragile Dex+7 SH+5}
HPRegen 0.54/turn                l - +4 ring of evasion
MPRegen 0.42/turn                y - +6 ring of dexterity

@: lethally poisoned (-1 -> -15), tree-form
A: stationary, stasis, torment immunity, boosted hp, robust 1, magic shield,
magic regeneration, (sharp scales 2), demonic magic 2, (weakness stinger 3),
(talons 1), (cold resistance 1)
a: Renounce Religion, Minor Destruction, Lesser Servant of Makhleb, Major
Destruction, Greater Servant of Makhleb


You were on level 2 of the Swamp.
You worshipped Makhleb.
Makhleb was exalted by your worship.
You were a tree.
You visited 4 branches of the dungeon, and saw 25 of its levels.
You also visited: Sewer, Bailey, Gauntlet and Ice Cave.

You collected 2771 gold pieces.
You spent 214 gold pieces at shops.

Inventory:

Hand Weapons
 a - a +0 scimitar
 G - the +9 war axe of Joyful Slaughter {venom, Int+3}
   (You found it on level 2 of the Lair of Beasts)

   It poisons the flesh of those it strikes.
   Int:       It affects your intelligence (+3).
 I - a +0 long sword of flaming (weapon)
 K - a +3 dagger of electrocution
 Q - a +0 rapier of venom
Missiles
 q - 17 javelins (quivered)
 A - 19 boomerangs
 B - 6 throwing nets
Armour
 g - a +0 hat of intelligence (melded)
 m - a +1 pair of gloves of hurling (melded)
 z - a +2 pair of boots (melded)
 C - a +2 kite shield of protection (worn)
 Y - a +3 chain mail of fire resistance (melded)
Jewellery
 e - a ring of see invisible
 l - a +4 ring of evasion (left branch)
 p - a ring of poison resistance
 s - a ring of resist corrosion
 y - a +6 ring of dexterity (right branch)
 D - a ring of positive energy
 L - a ring of positive energy
 W - the amulet "Gaxak" (around neck) {Reflect Fragile Dex+7 SH+5}
   (You found it in a Gauntlet)

   [amulet of reflection]

   It reflects blocked missile attacks.
   Dex:       It affects your dexterity (+7).
   Fragile:   It will be destroyed if unequipped.
   SH:        It affects your SH (+5).
Wands
 w - a wand of roots (9)
 F - a wand of paralysis (21)
 M - a wand of digging (8)
 R - a wand of polymorph (7)
 T - a wand of flame (46)
Scrolls
 b - 5 scrolls of identify
 f - 7 scrolls of enchant weapon
 i - 5 scrolls of magic mapping
 j - a scroll of blinking
 k - 5 scrolls of vulnerability
 o - 11 scrolls of teleportation
 r - a scroll of amnesia
 J - a scroll of summoning
 O - 3 scrolls of enchant armour
 P - 7 scrolls of butterflies
Potions
 d - 5 potions of haste
 h - 2 potions of cancellation
 n - 7 potions of flight
 t - 2 potions of magic
 u - a potion of mutation
 x - 5 potions of lignification
 E - 2 potions of resistance
 N - a potion of ambrosia {unknown}
 S - 2 potions of invisibility
 U - a potion of might
 V - 5 potions of attraction {unknown}
 X - 3 potions of brilliance {unknown}
Miscellaneous
 v - a phantom mirror
 Z - a lightning rod (4/4)


   Skills:
 + Level 10.8 Fighting
 - Level 14.1 Long Blades
 + Level 9.5 Armour
 + Level 9.5 Shields
 + Level 9.7 Unarmed Combat
 + Level 8.8 Spellcasting
 - Level 5.0 Translocations
 - Level 5.2 Transmutations
 + Level 16.3 Invocations


You had 27 spell levels left.
You knew the following spells:

 Your Spells              Type           Power      Damage    Failure   Level
a - Apportation           Tloc           46%        N/A       3%          1
b - Blink                 Tloc           46%        N/A       4%          2
c - Wereblood             Tmut           24%        N/A       4%          2

Your spell library contained the following spells:

 Spells                   Type           Power      Damage    Failure   Level
 Gell's Gravitas          Tloc           23%        N/A       9%          3
 Lesser Beckoning         Tloc           46%        N/A       9%          3
 Teleport Other           Tloc           23%        N/A       9%          3
 Freeze                   Ice            28%        1d5       24%         1
 Magic Dart               Conj           28%        1d4       24%         1
 Necrotise                Necr           28%        1d5       24%         1
 Summon Small Mammal      Summ           28%        N/A       24%         1
 Spider Form              Tmut/Pois      15%        N/A       24%         3
 Portal Projectile        Hex/Tloc       30%        N/A       26%         3
 Passage of Golubria      Tloc           23%        N/A       30%         4
 Call Imp                 Summ           7%         N/A       34%         2
 Scorch                   Fire           14%        2d6       34%         2
 Sublimation of Blood     Necr           7%         N/A       34%         2
 Call Canine Familiar     Summ           7%         N/A       56%         3
 Frozen Ramparts          Ice            14%        1d3       56%         3
 Hailstorm                Conj/Ice       7%         3d4       56%         3
 Mephitic Cloud           Conj/Pois/Air  7%         N/A       56%         3
 Stone Arrow              Conj/Erth      14%        3d7       56%         3
 Summon Guardian Golem    Hex/Summ       7%         N/A       56%         3
 Vampiric Draining        Necr           7%         2d6       56%         3
 Ice Form                 Ice/Tmut       15%        N/A       61%         4
 Animate Armour           Summ/Erth      14%        N/A       93%         4
 Flame Wave               Conj/Fire      7%         2d5       93%         4
 Leda's Liquefaction      Hex/Erth       3%         N/A       93%         4
 Olgreb's Toxic Radiance  Pois           7%         N/A       93%         4
 Summon Ice Beast         Ice/Summ       7%         N/A       93%         4
 Summon Forest            Summ/Tloc      7%         N/A       93%         5
 Agony                    Necr           7%         N/A       100%        5
 Freezing Cloud           Conj/Ice/Air   3%         6-21      100%        5
 Silence                  Hex/Air        3%         N/A       100%        5
 Conjure Ball Lightning   Conj/Air       3%         3x3d6     100%        6
 Simulacrum               Ice/Necr       3%         N/A       100%        6
 Summon Cactus Giant      Summ           3%         N/A       100%        6
 Ozocubu's Refrigeration  Ice            3%         4d8       100%        7
 Summon Hydra             Summ           3%         N/A       100%        7
 Discord                  Hex            3%         N/A       100%        8
 Disjunction              Tloc           11%        N/A       100%        8
 Lehudib's Crystal Spear  Conj/Erth      3%         10d3      100%        8


Dungeon Overview and Level Annotations

Branches:
Dungeon (15/15)            Temple (0/1) D:7            Lair (5/5) D:8
  Swamp (3/4) Lair:3        Snake (0/4) Lair:3        Slime (0/5) Lair:4
    Orc (2/2) D:9             Elf (0/3) Orc:2        Vaults (0/5) D:14
 Depths (0/4) D:15          Sewer (visited)          Bailey (visited)
  IceCv (visited)         Gauntlet (visited)

Altars:
Ashenzari
Dithmenos
Hepliaklqana
Makhleb
Ru
Sif Muna
Trog
Vehumet
Wu Jian
Xom
Yredelemnul

Shops:
D:2 :   D:4 :   Orc:2 :([((:*[*

Annotations:
Swamp:1 2 transporters, retardedninja's ghost, adept HOFi
Orc:1 3 runed translucent doors, Faerphill's ghost, journeyman DgCj; Poxta's ghost, journeyman MiBe; Ribbiut's ghost, journeyman GrFi; Siyfonof's ghost, journeyman MiFi; ragingrage's ghost, journeyman TrFi


Innate Abilities, Weirdness & Mutations

You are a tree.
Your roots penetrate the ground, keeping you stationary.
You cannot be teleported.
You are immune to unholy pain and torment.
Your maximum health is greatly increased.
Your equipment is partially melded.
You are robust. (+10% HP)
When hurt, damage is shared between your health and your magic reserves.
You regenerate magic rapidly.
((You are mostly covered in razor-sharp scales. (AC +2, Slay +2)))
Spells you cast may paralyse nearby enemies.
((You have a sharp stinger which inflicts weakening toxins.))
((You have sharp toenails.))
((Your flesh is cold resistant. (rC+)))


Message History

You are more poisoned.
You feel extremely sick.
You are engulfed in poison gas.
You are lethally poisoned!
You feel extremely sick.
There is a stone staircase leading up, spattered with blood here.
Things that are here:
a +0 buckler; a +0 spear; a swamp dragon corpse You're standing in a cloud of poison gas!
You're standing in a cloud of poison gas!
You're standing in a cloud of poison gas!
You are engulfed in poison gas.
You are more poisoned.
* * * LOW HITPOINT WARNING * * *
You feel extremely sick.
You climb upwards.
* * * LOW HITPOINT WARNING * * *
You feel extremely sick.
There is a stone staircase leading down here.
Okay, then.
There is a lethal amount of poison in your body!
There is a lethal amount of poison in your body!
There is a lethal amount of poison in your body!
There is a lethal amount of poison in your body!
* * * LOW HITPOINT WARNING * * *
You feel extremely sick.
Really quaff the potion of lignification?
You turn into a tree.
Your +0 hat of intelligence melds into your body.
Your +1 pair of gloves of hurling melds into your body.
Your +2 pair of boots melds into your body.
Your +3 chain mail of fire resistance melds into your body.
You feel stupid.
Your aim is not that steady anymore.
You feel less resistant to fire.
Your roots penetrate the ground.
* * * LOW HITPOINT WARNING * * *
You feel very sick.
Unknown command.
* * * LOW HITPOINT WARNING * * *
You feel very sick.
You die...

♣♣....~~~...♣~♣♣ ♣♣~..
♣~~~.~~§~..♣♣♣♣ ♣..~~
♣.~~~.§~...♣♣ ♣♣[.~
♣♣.~~~..!..~♣♣♣ ♣♣♣.
♣.~~§~.~~~...♣♣ ♣♣♣..
♣.~~~~~~~~..~.♣♣♣.~..
♣♣.~~~.~~~...~♣♣~~~~.
♣♣.[.....~.♣♣♣♣.~~~~
♣~♣.>~....♣♣♣§..♣..
♣♣♣.÷~§.♣§.~♣♣....♣..
♣♣.......~♣♣♣~♣...~.##
♣~~~~....♣♣♣.........#
♣[~~~....~♣♣♣~♣.♣.....
♣~~~~..~~~~~♣♣♣♣...~..
♣♣.~...<~~~~♣♣.....~..
♣~.......§~.♣.##....#
♣♣~.~.....~~~..##..##


There were no monsters in sight!

Vanquished Creatures
  Jorgrun (D:13)
  A minotaur (Gauntlet)
  2 eleionomae
  2 bunyips (Swamp:1)
  2 fire dragons
  A shambling mangrove (Swamp:2)
  17 hydras
  2 ice dragons
  A ghost crab (Swamp:2)
  A catoblepas (Lair:5)
  7 alligators
  2 two-headed ogres
  8 centaur warriors
  A boulder beetle (shapeshifter) (D:13)
  The ghost of olddryhag the Slicer, a journeyman VSFi of Hepliaklqana (D:13)
  A death scarab (Gauntlet)
  An orc high priest (Orc:2)
  3 tengu warriors
  2 skeletal warriors (D:13)
  4 swamp dragons
  2 spriggan druids
  6 orc knights
  3 bog bodies
  Pikel (D:7)
  A wizard (D:12)
  2 lindwurms (Lair:5)
  A necromancer (Lair:5)
  A wolf spider (shapeshifter) (D:14)
  A wolf spider (D:15)
  A salamander (D:15)
  11 ugly things
  3 orc sorcerers
  3 cyclopes
  2 shining eyes (Gauntlet)
  A will-o-the-wisp (Swamp:1)
  A cyclops (shapeshifter) (D:15)
  8 elephants
  2 manticores
  2 ice statues (IceCv)
  5 black mambas
  Joseph (D:7)
  6 torpor snails (Lair:5)
  7 gargoyles
  2 unseen horrors
  Maggie (D:6)
  A rime drake (shapeshifter) (D:13)
  7 cane toads
  A kobold demonologist (D:11)
  A freezing wraith (D:14)
  12 komodo dragons
  6 rime drakes
  5 tengu conjurers
  6 trolls
  13 hornets
  Grinder (D:3)
  3 polar bears
  7 tyrant leeches
  14 slime creatures
  14 dream sheep
  24 blink frogs
  A vampire (D:11)
  A centaur simulacrum (D:15)
  2 spriggans
  7 wyverns
  2 wraiths
  4 shadows
  5 humans (D:6)
  A basilisk (D:7)
  4 golden eyes (Gauntlet)
  22 yaks
  2 steam dragons (Lair:5)
  4 vampire mosquitoes (D:11)
  7 swamp worms
  2 wargs (Orc:2)
  2 acid dragons (Lair:5)
  26 water moccasins
  A spectral torpor snail (Gauntlet)
  4 swamp drakes
  Duvessa (D:7)
  An ice beast (D:5)
  37 orc warriors
  2 black bears
  2 sky beasts
  9 ogres
  12 centaurs
  26 wolves
  A phantom (D:5)
  A kobold brigand (D:7)
  A gnoll sergeant (D:12)
  Blork the orc (D:6)
  7 bullfrogs
  5 scorpions
  Dowan (D:7)
  2 electric eels (Lair:3)
  2 lindwurm simulacra (IceCv)
  4 howler monkeys
  5 komodo dragon simulacra (IceCv)
  2 hounds
  2 jellies
  A gnoll bouda (D:7)
  10 orc priests
  8 iguanas
  14 orc wizards
  5 hell rats
  3 polar bear simulacra (Lair:5)
  4 yak simulacra (Lair:5)
  A wolf simulacrum (Lair:5)
  A boggart simulacrum (D:15)
  16 gnolls
  7 acid dragon simulacra (IceCv)
  4 adders
  A river rat (Sewer)
  12 white imps (Orc:2)
  2 howler monkey simulacra (D:9)
  2 ufetubi (Gauntlet)
  5 steam dragon simulacra (IceCv)
  3 worms
  A dart slug (D:2)
  62 orcs
  6 endoplasms
  2 giant cockroaches
  13 goblins
  11 hobgoblins
  7 jackals (D:1)
  4 quokkas
  A ball python (D:3)
  6 bats
  9 frilled lizards
  15 kobolds
  16 rats
  3 river rat simulacra (Lair:5)
725 creatures vanquished.

Vanquished Creatures (collateral kills)
  Saint Roka (Orc:2)
  2 orc warlords
  2 orc knights
  An orc sorcerer (Orc:2)
  A komodo dragon (Lair:4)
  A yak (D:8)
  3 wargs (Orc:2)
  6 orc warriors
  An ogre (Orc:2)
  2 kobold brigands (D:8)
  An orc wizard (Orc:2)
  2 gnolls (Bailey)
  2 acid dragon simulacra (IceCv)
  8 orcs
  6 goblins (Bailey)
  2 hobgoblins (Bailey)
  5 kobolds (D:8)
46 creatures vanquished.

Vanquished Creatures (others)
  A goliath frog (Swamp:1)
  2 bloated husks
  A hornet (Swamp:2)
  A kobold (D:8)
  3 bushes
  6 foxfires (Swamp:1)
  58 fungi
  98 plants
170 creatures vanquished.

Grand Total: 941 creatures vanquished

Notes
Turn   | Place    | Note
-------+----------+-------------------------------------------
     0 | D:1      | runemasterragnar the Demonspawn Fighter began the quest for
                  | the Orb.
     0 | D:1      | Reached XP level 1. HP: 18/18 MP: 1/1
   152 | D:1      | Gained mutation: Spells you cast may paralyse adjacent
                  | enemies. [demonic ancestry]
   152 | D:1      | Reached XP level 2. HP: 24/24 MP: 2/2
   637 | D:1      | Reached XP level 3. HP: 29/29 MP: 3/3
   812 | D:2      | Got Sif Muna's Parchment of the Tesseract
   851 | D:2      | Learned a level 1 spell: Apportation
   867 | D:2      | Noticed a black bear
   875 | D:2      | Killed a black bear
   876 | D:2      | Reached XP level 4. HP: 16/37 MP: 4/4
  1026 | D:2      | Gained mutation: You have a small tail. [demonic ancestry]
  1026 | D:2      | Reached XP level 5. HP: 38/42 MP: 5/5
  1213 | D:2      | Found Ejyh Fipn's Book Emporium.
  1603 | D:3      | Found a burning altar of Makhleb.
  1611 | D:3      | Became a worshipper of Makhleb the Destroyer
  1674 | D:3      | You fall into a shaft and drop 3 floors!
  1801 | D:6      | Reached skill level 1 in Translocations
  1964 | D:6      | Gained mutation: You are partially covered in razor-sharp
                  | scales. (AC +1, Slay +1) [demonic ancestry]
  1964 | D:6      | Reached XP level 6. HP: 29/48 MP: 5/7
  2148 | D:6      | Noticed an orc warrior
  2155 | D:6      | Killed an orc warrior
  2156 | D:6      | Reached skill level 1 in Spellcasting
  2157 | D:6      | Reached skill level 1 in Unarmed Combat
  2345 | D:6      | Noticed a human
  2357 | D:5      | Entered Level 5 of the Dungeon
  2539 | D:4      | Reached * piety under Makhleb
  2582 | D:4      | Found a shimmering blue altar of Sif Muna.
  2588 | D:4      | Found a shadowy altar of Dithmenos.
  2665 | D:4      | Found Haevven's Book Emporium.
  2763 | D:4      | Gained mutation: You regenerate magic rapidly. [demonic
                  | ancestry]
  2763 | D:4      | Reached XP level 7. HP: 49/54 MP: 7/9
  2766 | D:4      | Found a glowing drain.
  2802 | Sewer    | Entered a sewer
  2903 | Sewer    | Learned a level 2 spell: Blink
  2906 | Sewer    | Learned a level 2 spell: Wereblood
  3561 | D:3      | Noticed Grinder
  3564 | D:3      | Paralysed by Grinder for 4 turns
  3572 | D:3      | Paralysed by Grinder for 3 turns
  3584 | D:3      | Paralysed by Grinder for 3 turns
  3594 | D:3      | Paralysed by Grinder for 4 turns
  3599 | D:3      | Killed Grinder
  3600 | D:3      | Reached skill level 1 in Invocations
  3654 | D:3      | Identified the +1 short sword of the Foot {flame, Contam
                  | +Blink rElec rCorr}
  4317 | D:5      | Reached skill level 2 in Invocations
  4614 | D:5      | Reached ** piety under Makhleb
  4615 | D:5      | Gained mutation: When hurt, damage is shared between your
                  | health and your magic reserves. [demonic ancestry]
  4615 | D:5      | Reached XP level 8. HP: 61/61 MP: 9/11
  4764 | D:5      | Found a broken altar of Ashenzari.
  5056 | D:5      | Reached skill level 3 in Invocations
  5466 | D:6      | Reached skill level 4 in Invocations
  5475 | D:6      | Reached skill level 5 in Long Blades
  5575 | D:6      | Reached skill level 5 in Fighting
  5579 | D:6      | Gained mutation: You have a tail ending in a sharp stinger.
                  | [demonic ancestry]
  5579 | D:6      | Reached XP level 9. HP: 35/68 MP: 13/13
  5730 | D:6      | Noticed Maggie
  5847 | D:6      | Killed Maggie
  5848 | D:6      | Reached skill level 5 in Invocations
  6265 | D:6      | Noticed Blork the orc
  6278 | D:6      | Killed Blork the orc
  6593 | D:7      | Noticed Joseph
  6611 | D:7      | Noticed Pikel
  6616 | D:7      | Killed Joseph
  6617 | D:7      | Reached skill level 5 in Armour
  6617 | D:7      | Reached skill level 5 in Shields
  6625 | D:7      | Killed Pikel
  6626 | D:7      | Reached skill level 6 in Invocations
  6724 | D:7      | Found a radiant altar of Vehumet.
  6760 | D:7      | Noticed a gargoyle
  6776 | D:7      | Killed a gargoyle
  6897 | D:7      | Reached skill level 5 in Translocations
  6897 | D:7      | Reached XP level 10. HP: 75/75 MP: 15/15
  6988 | D:7      | Found a staircase to the Ecumenical Temple.
  7041 | D:7      | Found a faded altar of an unknown god.
  7042 | D:7      | Found a hazy altar of Hepliaklqana.
  7042 | D:7      | Noticed a gargoyle
  7046 | D:7      | Killed a gargoyle
  7107 | D:7      | Noticed Dowan
  7107 | D:7      | Noticed Duvessa
  7119 | D:7      | Killed Duvessa
  7120 | D:7      | Killed Dowan
  7205 | D:7      | Reached skill level 7 in Invocations
  7768 | D:7      | Reached skill level 1 in Transmutations
  7927 | D:8      | Found a staircase to the Lair.
  7999 | D:7      | Reached *** piety under Makhleb
  8067 | D:8      | Found a flagged portal.
  8099 | Bailey   | Entered a bailey
  8225 | Bailey   | Noticed an orc knight
  8240 | Bailey   | Killed an orc knight
  8299 | Bailey   | Noticed an orc warlord
  8331 | Bailey   | Killed an orc warlord
  8332 | Bailey   | Reached skill level 8 in Invocations
  8719 | Bailey   | Reached skill level 5 in Transmutations
  8719 | Bailey   | Gained mutation: You have a sharp stinger which inflicts
                  | weakening toxins. [demonic ancestry]
  8719 | Bailey   | Reached XP level 11. HP: 84/84 MP: 17/17
  9307 | D:8      | Gained mutation: You are mostly covered in razor-sharp
                  | scales. (AC +2, Slay +2) [demonic ancestry]
  9307 | D:8      | Reached XP level 12. HP: 70/91 MP: 18/18
  9958 | D:9      | Noticed a seven-headed hydra
  9965 | D:9      | Killed a seven-headed hydra
  9992 | D:9      | Noticed a centaur warrior
 10018 | D:9      | Killed a centaur warrior
 10019 | D:9      | Reached skill level 9 in Invocations
 10140 | D:9      | Paralysed by a hornet for 3 turns
 10732 | D:9      | Found a staircase to the Orcish Mines.
 10897 | D:9      | Reached **** piety under Makhleb
 11053 | D:10     | Entered Level 10 of the Dungeon
 11093 | D:10     | Found a basalt altar of Yredelemnul.
 12202 | D:11     | Reached skill level 5 in Spellcasting
 12690 | D:11     | Reached skill level 10 in Invocations
 13591 | D:12     | Got the Disquisition on the Viperous Glacier
 14164 | D:13     | Noticed a five-headed hydra
 14250 | Lair:1   | Entered Level 1 of the Lair of Beasts
 14428 | Lair:1   | Found an ornate altar of the Wu Jian Council.
 15097 | Lair:1   | Identified the +5 long sword "Bodgh" {vorpal, Str+2 Int+2}
 15241 | Lair:1   | Gained mutation: You are robust. (+10% HP) [demonic
                  | ancestry]
 15241 | Lair:1   | Reached XP level 13. HP: 90/107 MP: 19/21
 15241 | Lair:1   | Reached XP level 14. HP: 96/115 MP: 19/22
 15550 | Lair:2   | Found a gate leading to a gauntlet.
 15594 | Lair:2   | Identified the +9 war axe of Joyful Slaughter {venom,
                  | Int+3}
 15619 | Lair:2   | Reached skill level 11 in Invocations
 15637 | Gauntlet | Entered a Gauntlet
 15637 | Gauntlet | Found a transporter.
 15637 | Gauntlet | Found a transporter.
 15637 | Gauntlet | Found a transporter.
 15731 | Gauntlet | Found a transporter.
 15741 | Gauntlet | Found a transporter.
 15762 | Gauntlet | Found a transporter.
 15768 | Gauntlet | Found a transporter.
 15773 | Gauntlet | Found a transporter.
 15795 | Gauntlet | Found a transporter.
 15801 | Gauntlet | Found a transporter.
 15821 | Gauntlet | Found a transporter.
 15844 | Gauntlet | Found a transporter.
 15930 | Gauntlet | Gained mutation: Your natural rate of healing is unusually
                  | fast. [a shining eye]
 15931 | Gauntlet | Gained mutation: You have a pair of small horns on your
                  | head. [a shining eye]
 15986 | Gauntlet | Identified the amulet "Gaxak" {Reflect Fragile Dex+7 SH+5}
 16085 | Gauntlet | Gained mutation: You occasionally lose the ability to read
                  | scrolls when taking damage. [a shining eye]
 16086 | Gauntlet | Gained mutation: You are weak. (Str -2) [a shining eye]
 16109 | Gauntlet | Gained mutation: You are very weak. (Str -4) [a shining
                  | eye]
 16110 | Gauntlet | Lost mutation: You have a pair of small horns on your head.
                  | [a shining eye]
 16113 | Gauntlet | Gained mutation: You have sharp toenails. [a shining eye]
 16115 | Gauntlet | Gained mutation: You are dopey. (Int -2) [a shining eye]
 16119 | Gauntlet | Gained mutation: You are very dopey. (Int -4) [a shining
                  | eye]
 16176 | Gauntlet | Lost mutation: You are very weak. (Str -4) [potion of
                  | mutation]
 16176 | Gauntlet | Lost mutation: Your natural rate of healing is unusually
                  | fast. [potion of mutation]
 16176 | Gauntlet | Gained mutation: Your flesh is cold resistant. (rC+)
                  | [potion of mutation]
 16176 | Gauntlet | Lost mutation: You have sharp toenails. [potion of
                  | mutation]
 16177 | Gauntlet | Lost mutation: Your flesh is cold resistant. (rC+) [potion
                  | of mutation]
 16177 | Gauntlet | Lost mutation: You occasionally lose the ability to read
                  | scrolls when taking damage. [potion of mutation]
 16177 | Gauntlet | Lost mutation: You are weak. (Str -2) [potion of mutation]
 16178 | Gauntlet | Lost mutation: You are very dopey. (Int -4) [potion of
                  | mutation]
 16178 | Gauntlet | Lost mutation: You are dopey. (Int -2) [potion of mutation]
 16178 | Gauntlet | Gained mutation: You have sharp toenails. [potion of
                  | mutation]
 16178 | Gauntlet | Gained mutation: Your flesh is cold resistant. (rC+)
                  | [potion of mutation]
 16225 | Gauntlet | Identified the +1 cloak of Discretion {Fly Stlth+}
 16231 | Gauntlet | Identified the +1 scale mail of Patterns {Str+4}
 17258 | Lair:3   | Reached ***** piety under Makhleb
 17555 | Lair:3   | Found a staircase to the Snake Pit.
 18196 | Lair:3   | Reached skill level 12 in Invocations
 18654 | Lair:3   | Found a staircase to the Swamp.
 19259 | Lair:4   | Found a staircase to the Slime Pits.
 19365 | Lair:4   | Found a sacrificial altar of Ru.
 20092 | Lair:5   | Entered Level 5 of the Lair of Beasts
 20774 | Lair:5   | Reached skill level 13 in Invocations
 20969 | Lair:5   | Found a runed translucent door.
 20990 | Lair:5   | Paralysed by a hornet for 1 turns
 20991 | Lair:5   | Reached XP level 15. HP: 106/124 MP: 21/25
 21503 | Lair:5   | Found a shimmering altar of Xom.
 21725 | Lair:5   | Reached ****** piety under Makhleb
 23589 | D:13     | Found a runed translucent gate.
 23589 | D:13     | Identified the +3 plate armour of Tomorrow {Int+2 Stlth+}
 23595 | D:13     | Found a runed translucent gate.
 23597 | D:13     | Found a runed translucent gate.
 23597 | D:13     | Noticed olddryhag's ghost (journeyman VSFi)
 23598 | D:13     | Identified the +9 great mace of the Seven Nights {venom,
                  | rC+ Will+ Str-4 Dex+4}
 24162 | Orc:1    | Entered Level 1 of the Orcish Mines
 24175 | Orc:1    | Reached skill level 14 in Invocations
 24595 | Orc:2    | Entered Level 2 of the Orcish Mines
 24595 | Orc:2    | Found Coeter's Weapon Shoppe.
 24606 | Orc:2    | Found a staircase to the Elven Halls.
 24632 | Orc:2    | Found a frozen archway.
 24675 | IceCv    | Entered an ice cave
 25324 | IceCv    | Got the Exposition on the Snowflakes
 25691 | Orc:2    | Found Copoetac's Antique Weapon Boutique.
 26079 | Orc:2    | Found Etoam's Book Shoppe.
 26115 | Orc:2    | Found Seosoq's Antique Weapon Shop.
 26123 | Orc:2    | Bought a glowing long sword for 214 gold pieces
 26133 | Orc:2    | Found Kaqaigoi's Antique Armour Boutique.
 26139 | Orc:2    | Noticed Saint Roka
 26148 | Orc:2    | Found Nungomp's General Store.
 26153 | Orc:2    | Killed Saint Roka
 26358 | Orc:2    | Found Jimept's Book Emporium.
 26366 | Orc:2    | Found Xotrog's Antique Armour Boutique.
 26405 | Orc:2    | Found Zegueno's General Store.
 26892 | Orc:1    | You fall into a shaft and drop 1 floor!
 26980 | Orc:1    | Found a runed translucent gate.
 26980 | Orc:1    | Found a runed translucent gate.
 26981 | Orc:1    | Found a runed translucent gate.
 27027 | Orc:1    | Noticed Siyfonof's ghost (journeyman MiFi)
 27027 | Orc:1    | Noticed Faerphill's ghost (journeyman DgCj)
 27027 | Orc:1    | Noticed Ribbiut's ghost (journeyman GrFi)
 27027 | Orc:1    | Noticed Poxta's ghost (journeyman MiBe)
 27027 | Orc:1    | Noticed ragingrage's ghost (journeyman TrFi)
 27394 | D:13     | Found an ornate altar of the Wu Jian Council.
 27493 | D:13     | Noticed Jorgrun
 27510 | D:13     | Killed Jorgrun
 28469 | D:13     | Reached skill level 10 in Fighting
 28549 | D:13     | Reached skill level 15 in Invocations
 28549 | D:13     | Gained mutation: Spells you cast may paralyse nearby
                  | enemies. [demonic ancestry]
 28549 | D:13     | Reached XP level 16. HP: 134/134 MP: 27/27
 28941 | D:13     | Killed olddryhag's ghost
 29552 | D:14     | Identified the +1 chain mail of Yneir {+Blink rPois rC+
                  | Stlth+}
 30792 | D:14     | Found a gate to the Vaults.
 31007 | D:15     | Entered Level 15 of the Dungeon
 31569 | D:15     | Found a shadowy altar of Dithmenos.
 31898 | D:15     | Found a staircase to the Depths.
 32695 | Swamp:1  | Entered Level 1 of the Swamp
 32695 | Swamp:1  | Found a transporter.
 32699 | Swamp:1  | Found a transporter.
 32700 | Swamp:1  | Found a bloodstained altar of Trog.
 32702 | Swamp:1  | Noticed retardedninja's ghost (adept HOFi)
 33305 | Swamp:1  | Reached skill level 16 in Invocations
 33436 | Swamp:1  | Found a radiant altar of Vehumet.
 34911 | Swamp:2  | Paralysed by a hornet for 2 turns
 36091 | Swamp:2  | HP: 7/204 [poison (poison gas)]
 36092 | Swamp:2  | HP: 3/204 [poison (poison gas)]
 36093 | Swamp:2  | Succumbed to poison (poison gas)

Illustrated notes

Levels and vault maps discovered:
D:1:      evilmike_arrival_crescent, layout_basic, minmay_three_crescents
D:2:      layout_loops_cross, serial_shops, shop_statue
D:3:      layout_basic, mainiacjoe_overflow_six_doors_small,
          kennysheep_generic_room_3, uniq_grinder
D:4:      layout_loops_ring, mainiacjoe_overflow_large_starburst,
          cheibrodos_sewer_entry_bend, serial_shops, kennysheep_mini_moat,
          st_stairs_6
D:5:      layout_basic, ashenzari_conservatory_becter, nrook_loot_triangle,
          minivault_26
D:6:      layout_cave_pods, minmay_ruffians, uniq_blork_the_orc, uniq_maggie
D:7:      layout_basic, beargit_hepliaklqana_dungeon_heroes, old_standard_altar,
          minmay_temple_entry_antechambers, uniq_joseph, uniq_pikel,
          uniq_duvessa
D:8:      layout_cave_pools, minmay_lair_entry_grove, enter_bailey_7
D:9:      minmay_diamond_stairs, layout_loops_ring, orc_0_dummy
D:10:     layout_loops_ring, elyvilon_altar_3, yredelemnul_altar_generic
D:11:     layout_rooms
D:12:     layout_loops_cross, serial_rivers, chequers_serial_rivers_large_b,
          chequers_serial_rivers_small_a, chequers_serial_rivers_micro_c,
          chequers_serial_rivers_micro_c, chequers_serial_rivers_room_a,
          nicolae_titane
D:13:     layout_irregular_city, biasface_ghost_orc_armoury,
          nicolae_wu_jian_immortal_techniques, uniq_jorgrun
D:14:     layout_grid_maze, david_vaults_4
D:15:     hangedman_depths_entry_try_elsewhere_first, layout_rooms,
          grunt_dithmenos_smoke_and_mirrors
Lair:1:   layout_gridlike, basic_altar, grunt_megastairs_2
Lair:2:   layout_small_grid, gauntlet_entry_generic, lemuel_fruit_tree
Lair:3:   statuecave_lemuel, layout_cellular_growth, palyth_hydra_swamp_entry,
          minmay_snake_entry_six_corridors
Lair:4:   layout_cave_pods, dpeg_slime_entry_enclosed, serial_rivers,
          chequers_serial_rivers_small_3, chequers_serial_rivers_large_a,
          chequers_serial_rivers_micro_d, chequers_serial_rivers_micro_d,
          basic_altar
Lair:5:   guppyfry_lair_end_dragon, layout_small_grid, wormcave, basic_altar,
          chequers_serial_rivers_room_b, st_stairs_11, eino_house_with_fridge
Swamp:1:  layout_basic_swamp, gammafunk_ghost_wrathful_warriors,
          evilmike_swamp_ruin_house_5, swamp_pool1, nicolae_swamp_godswood
Swamp:2:  layout_basic_swamp, evilmike_swamp_ruin_house_4, swamp_pool3
Swamp:3:  layout_falls_marsh, nicolae_swamp_feature_on_the_river_bank
Orc:1:    layout_caves, gammafunk_ghost_cemetery
Orc:2:    grunt_orc_gardens, layout_diamond_mine, grunt_orc_garden,
          grunt_orc_garden, grunt_orc_garden, grunt_orc_garden, serial_shops,
          nicolae_shop_competitors_out_of_business, shop,
          nicolae_shop_behind_doors, nicolae_shop_hallway_stairs, shop,
          portal_ice_cave_entry_imps, basic_altar, hellmonk_bongcloud_opening,
          abandoned_shop, uniq_saint_roka

Skill      XL: |  1  2  3  4  5  6  7  8  9 10 11 12 13 14 15 16 |
---------------+-------------------------------------------------+-----
Long Blades    | 2 3 4 5 6 8 9 11 12 13 14 | 14.1
Armour         | 3 4 5 6 7 8 9 |  9.5
Shields        | 3 4 5 6 7 8 9 |  9.5
Translocations | 1 2 3 5 |  5.0
Fighting       | 4 5 7 8 9 10 | 10.8
Spellcasting   | 1 2 3 4 5 6 7 8 |  8.8
Unarmed Combat | 1 2 3 6 7 8 9 |  9.7
Invocations    | 2 4 6 8 10 13 15 16 | 16.3
Transmutations | 5 |  5.2

Action                   |  1- 3 |  4- 6 |  7- 9 | 10-12 | 13-15 | 16-18 || total
-------------------------+-------+-------+-------+-------+-------+-------++-------
Melee: Long sword        |   111 |   145 |   302 |   765 |   372 |   172 ||  1867
       Tailslap          |       |    15 |    42 |   159 |   258 |   145 ||   619
       Kick              |       |       |       |       |   387 |       ||   387
       Dagger            |       |       |       |       |   226 |   142 ||   368
       War axe           |       |       |       |       |   573 |   265 ||   838
       Headbutt          |       |       |       |       |    15 |       ||    15
       Scimitar          |       |       |       |       |     6 |       ||     6
Throw: Javelin           |       |       |     3 |     2 |       |       ||     5
       Boomerang         |       |       |     3 |       |       |       ||     3
 Cast: Blink             |       |       |       |     3 |     1 |       ||     4
Invok: Minor Destruction |       |       |     9 |     2 |       |       ||    11
       Lesser Servant of |       |       |       |     9 |     8 |       ||    17
       Major Destruction |       |       |       |       |     9 |     3 ||    12
       Greater Servant o |       |       |       |       |     2 |       ||     2
Evoke: Wand              |       |       |    10 |     9 |    11 |     1 ||    31
       Phantom mirror    |       |       |       |       |     1 |       ||     1
  Use: Potion            |     1 |     4 |     4 |     3 |    13 |     6 ||    31
       Scroll            |       |     7 |     3 |     5 |    18 |     4 ||    37
 Stab: Paralysed         |       |       |    15 |     3 |       |       ||    18
       Invisible         |       |       |       |     1 |       |       ||     1
       Distracted        |       |       |       |     1 |     1 |       ||     2
       Petrified         |       |       |       |       |     2 |       ||     2
Armor: Scale mail        |    75 |    81 |    93 |       |       |       ||   249
       Ring mail         |       |       |    45 |   375 |    24 |       ||   444
       Chain mail        |       |       |       |       |   679 |   441 ||  1120
Dodge: Dodged            |    71 |    56 |   150 |   508 |   432 |   258 ||  1475
Block: Buckler           |    26 |    38 |    59 |   273 |    34 |       ||   430
       Kite shield       |       |       |       |       |  1515 |   818 ||  2333
       Reflection        |       |       |       |       |    37 |    19 ||    56

Table legend: (Time is in decaauts)
 A = Elapsed time spent in this place.
 B = Non-inter-level travel time spent in this place.
 C = Inter-level travel time spent in this place.
 D = Time resting spent in this place.
 E = Time spent auto-exploring this place.
 F = Levels seen in this place.
 G = Mean time per level.
                   A        B        C        D        E       F      G
               +--------+--------+--------+--------+--------+-----+--------+
         Total |  36913 |  35376 |   1537 |   8441 |  19553 |  29 | 1272.9 |
       Dungeon |  20827 |  19780 |   1047 |   4393 |  11606 |  15 | 1388.5 |
          Lair |   8133 |   7824 |    309 |   1274 |   4953 |   5 | 1626.6 |
         Swamp |   3495 |   3417 |     78 |   1601 |   1231 |   3 | 1165.0 |
  Orcish Mines |   2029 |   1928 |    101 |    572 |    860 |   2 | 1014.5 |
         Sewer |    172 |    172 |      0 |     46 |     65 |   1 |  172.0 |
        Bailey |    699 |    699 |      0 |    278 |    154 |   1 |  699.0 |
      Ice Cave |    902 |    902 |      0 |    245 |    444 |   1 |  902.0 |
      Gauntlet |    652 |    652 |      0 |     32 |    239 |   1 |  652.0 |
               +--------+--------+--------+--------+--------+-----+--------+

Top non-repeatable levels by time:
  Lair:5: 2503 daAuts
    D:13: 2352 daAuts
    D:12: 2036 daAuts
  Lair:3: 1842 daAuts
     D:6: 1786 daAuts
     D:9: 1743 daAuts
     D:7: 1730 daAuts
 Swamp:1: 1721 daAuts
    D:14: 1717 daAuts
 Swamp:2: 1689 daAuts
   Orc:2: 1566 daAuts
    D:15: 1527 daAuts
  Lair:4: 1467 daAuts
    D:11: 1383 daAuts
  Lair:1: 1255 daAuts
